Map: Submarine LE

Players

TYTY (TY) - Winner!

  • Race: Terran Terran
  • League: Grandmaster
  • Spawn Location: 5:00

Stats

  • Race: Protoss Protoss
  • League: Grandmaster
  • Spawn Location: 11:00

Event: DreamHack SC2 Masters 2020 Winter

VOD

Have the link to the VOD?

Description

Time

  • Played on: Nov. 13, 2020, 9:55 a.m.
  • Length: 9:32

All games in this series

Show
View Real Time Build Order
Export as new Build Order

TYTY Terran - Winner!

Build Orders: 1/1/1, Hellion Opening, Liberator Opening 

Get SALT Encoding   

  12  0:00  SCV  
  13  0:12  SCV  
  14  0:18  Supply Depot  
  14  0:24  SCV  
  15  0:40  SCV, Barracks  
  16  0:48  Barracks  
  16  0:50  Refinery  
  16  0:52  SCV  
  17  0:59  Refinery  
  17  1:04  SCV  
  18  1:14  Engineering Bay  
  18  1:17  SCV  
  20  1:35  Orbital Command  
  19  1:41  Factory  
  19  1:51  Supply Depot  
  19  1:52  Barracks Reactor  
  19  2:02  SCV  
  20  2:14  SCV  
  21  2:25  Starport  
  21  2:30  SCV  
  21  2:32  Hellion x2  
  21  2:33  Supply Depot  
  26  2:42  SCV  
  27  2:53  Hellion x2  
  31  3:02  Medivac  
  33  3:11  Command Center  
  33  3:17  Hellion  
  35  3:21  Hellion  
  38  3:33  Supply Depot  
  39  3:51  SCV, Marine  
  39  3:54  Marine, Factory Tech Lab  
  40  4:01  Liberator  
  39  4:03  SCV  
  39  4:09  Marine  
  41  4:12  Marine  
  41  4:15  SCV  
  39  4:17  Siege Tank  
  42  4:24  Orbital Command  
  42  4:27  Marine  
  42  4:28  SCV  
  42  4:30  Marine  
  41  4:40  SCV  
  41  4:41  Orbital Command  
  41  4:43  Barracks  
  42  4:46  Marine  
  42  4:47  Marine  
  42  4:52  SCV, Siege Tank  
  47  5:04  SCV  
  47  5:06  SCV  
  49  5:07  Marine  
  49  5:09  Marine, Barracks  
  51  5:16  SCV  
  51  5:18  SCV  
  53  5:25  Marine  
  53  5:26  Siege Tank  
  53  5:27  Marine  
  56  5:28  SCV  
  56  5:32  Barracks Tech Lab  
  56  5:33  SCV  
  57  5:37  Refinery  
  57  5:40  SCV  
  58  5:42  Supply Depot  
  58  5:44  Marine  
  58  5:45  SCV, Marine  
  58  5:49  Combat Shield  
  61  5:54  Marine  
  62  6:00  Supply Depot  
  62  6:04  Viking  
  62  6:10  Siege Tank  
  67  6:16  Marine x2  
  67  6:17  Marine x2  
  67  6:23  Supply Depot x2  
  66  6:33  SCV  
  66  6:34  Marine x2  
  66  6:37  SCV  
  66  6:39  Marine  
  70  6:41  Marine  
  70  6:46  SCV  
  68  6:49  SCV  
  68  6:50  Engineering Bay  
  68  6:53  Starport Reactor  
  72  6:58  SCV, Marine x2  
  75  7:02  SCV  
  75  7:03  Supply Depot  
  76  7:08  Stimpack  
  76  7:10  SCV  
  76  7:12  Marauder  
  76  7:14  SCV  
  77  7:17  Marine  
  77  7:21  Supply Depot, Terran Infantry Weapons Level 1  
  77  7:22  SCV  
  79  7:28  Marauder  
  79  7:29  Marine  
  79  7:30  SCV  
  79  7:33  Marine  
  79  7:34  SCV, Medivac x2  
  83  7:39  Marine  
  83  7:42  Concussive Shells  
  83  7:45  SCV  
  83  7:49  Marauder  
  84  7:55  Marauder, Marine  
  87  8:02  Marine  
  87  8:04  Viking x2  
  92  8:10  Missile Turret, Marine  
  90  8:13  Factory Tech Lab  
  90  8:15  Marine  
  93  8:20  Marauder  
  93  8:30  Supply Depot  
  93  8:31  Supply Depot  
  93  8:32  Marauder, Marine, Siege Tank  
  99  8:34  Viking  
  101  8:43  Missile Turret  
  101  8:48  Marine  
  101  8:52  Marauder  
  104  8:58  Marauder, Marine  
  106  9:08  Command Center  
Show
View Real Time Build Order
Export as new Build Order

Stats Protoss 

Build Orders: 1 Gate Expand, Blink Stalkers 

Get SALT Encoding   

  12  0:00  Probe  
  13  0:12  Probe  
  14  0:18  Pylon  
  14  0:24  Probe  
  15  0:36  Probe (Chrono Boost), Gateway  
  16  0:46  Probe (Chrono Boost), Assimilator  
  17  0:51  Probe (Chrono Boost)  
  18  1:03  Probe  
  19  1:15  Probe  
  20  1:23  Cybernetics Core  
  20  1:27  Probe  
  21  1:39  Nexus  
  21  1:43  Pylon  
  22  1:49  Assimilator  
  22  1:50  Probe  
  22  1:58  Adept (Chrono Boost)  
  22  2:03  Probe  
  22  2:07  Shield Battery  
  25  2:10  Warp Gate  
  25  2:15  Probe  
  26  2:19  Adept (Chrono Boost)  
  28  2:27  Probe  
  29  2:33  Twilight Council  
  29  2:39  Probe  
  30  2:50  Probe (Chrono Boost), Stalker  
  34  2:59  Probe (Chrono Boost)  
  34  3:03  Probe (Chrono Boost)  
  35  3:05  Probe  
  35  3:12  Gateway  
  36  3:17  Probe  
  36  3:18  Probe  
  38  3:23  Robotics Facility  
  38  3:27  Blink (Chrono Boost)  
  38  3:29  Probe  
  38  3:30  Probe  
  40  3:36  Gateway  
  40  3:43  Pylon  
  40  3:44  Probe x2  
  38  3:56  Probe x2  
  38  3:58  Stalker  
  41  4:08  Probe x2  
  36  4:18  Stalker  
  36  4:19  Observer  
  36  4:20  Probe x2 (Chrono Boost)  
  41  4:25  Stalker  
  41  4:27  Pylon  
  43  4:36  Probe x2 (Chrono Boost)  
  38  4:48  Probe x2 (Chrono Boost)  
  38  4:49  Warp Prism  
  44  5:00  Probe (Chrono Boost)  
  44  5:05  Probe (Chrono Boost)  
  44  5:07  Probe (Chrono Boost), Stalker  
  44  5:10  Stalker  
  44  5:12  Probe (Chrono Boost)  
  50  5:19  Observer  
  50  5:20  Probe  
  50  5:24  Probe  
  50  5:25  Stalker  
  53  5:28  Pylon  
  53  5:34  Probe  
  54  5:46  Probe  
  54  5:49  Stalker x2  
  59  5:50  Stalker  
  59  5:52  Pylon  
  60  6:06  Probe x2  
  60  6:07  Pylon  
  62  6:16  Observer  
  62  6:17  Stalker x3  
  65  6:19  Probe x2  
  67  6:25  Assimilator  
  67  6:31  Probe x2  
  59  6:49  Probe x2  
  59  6:52  Stalker x3, Assimilator  
  67  6:55  Pylon  
  67  7:00  Robotics Bay  
  67  7:01  Probe x2  
  69  7:12  Pylon  
  69  7:13  Probe x2  
  67  7:32  Observer  
  67  7:39  Stalker  
  67  7:40  Probe x2, Stalker x2  
  75  7:44  Extended Thermal Lance  
  75  7:46  Colossus (Chrono Boost)  
  81  7:52  Nexus  
  81  7:55  Pylon  
  79  7:59  Shield Battery  
  79  8:03  Stalker x2  
  82  8:09  Stalker  
  82  8:12  Probe x2  
  82  8:15  Pylon  
  82  8:20  Forge  
  82  8:28  Probe x2  
  82  8:29  Colossus (Chrono Boost)  
  90  8:35  Shield Battery  
  90  8:44  Sentry x2  
  90  8:45  Zealot  
  94  9:06  Stalker  
  94  9:07  Zealot x2, Gateway  
  94  9:09  Gateway  
Tags
 
Add a new tag
Caveats
  • Supply blocks, unpowered buildings, or Contaminate may cause inaccurate times.
  • Supply counts are checked every 10 seconds.